 Dungeon Crawl Stone Soup version 0.27-a0-46-g34d46f0a3f (webtiles) character file.

Game seed: 12092256592425018655

37 Descartes the Ducker (level 3, -3/17 HPs)
             Began as a Felid Monk on Jan 6, 2021.
             Killed from afar by an orc wizard (11 damage)
             ... with a puff of flame
             ... on level 2 of the Dungeon.
             The game lasted 00:02:13 (1413 turns).

Descartes the Ducker (Felid Monk)                   Turns: 1413, Time: 00:02:14

Health: -3/17      AC:  1    Str:  8    XL:     3   Next: 21%
Magic:  4/4        EV: 20    Int: 11    God:
Gold:   73         SH:  0    Dex: 18    Spells: 2/2 levels left
                                        Lives:  0   Deaths: 0

rFire    . . .     SeeInvis +     - Unarmed
rCold    . . .     Faith    .   (shield unavailable)
rNeg     . . .     Spirit   .   (armour unavailable)
rPois    .         Reflect  .   (helmet unavailable)
rElec    .         Harm     .   (cloak unavailable)
rCorr    .         Rampage  .   (gloves unavailable)
Will     .....                  (boots unavailable)
Stlth    ++........             (no amulet)
HPRegen  0.05/turn              (no ring)
MPRegen  0.09/turn              (no ring)

@: confused, quick
A: very small, no armour, no weapons or thrown items, stealth, claws 1, fangs 3,
see invisible, speed 1, shaggy fur 1, sharp paws
a: no special abilities


You were on level 2 of the Dungeon.
You visited 1 branch of the dungeon, and saw 2 of its levels.

You collected 73 gold pieces.

Inventory:

Missiles
 f - 52 stones
 j - 21 arrows
Scrolls
 a - a scroll of identify {unknown}
 b - 2 scrolls of enchant weapon {unknown}
 c - 3 scrolls of fear {unknown}
 e - a scroll of enchant armour {unknown}
 g - 2 scrolls of teleportation {unknown}
 h - a scroll of blinking {unknown}
Potions
 d - a potion of might {unknown}
 i - a potion of curing {unknown}


   Skills:
 - Level 3.0 Fighting
 + Level 4.5 Dodging
 * Level 4.2 Stealth
 + Level 3.3 Unarmed Combat


You had 2 spell levels left.
You didn't know any spells.
Your spell library was empty.

Dungeon Overview and Level Annotations

Branches:
Dungeon (2/15)

Altars:
Zin


Innate Abilities, Weirdness & Mutations

You cannot wear armour.
You are incapable of wielding weapons or throwing items.
Your paws allow you to move quietly. (Stealth)
You have sharp claws.
You have razor-sharp teeth.
You have supernaturally acute eyesight. (SInv)
You cover ground quickly.
You are covered in fur. (AC +1)
Your sharp claws are effective at attacking unaware monsters.


Message History

The orc misses you.
You completely miss the orc. The orc barely misses you.
The kobold barely misses you.
You scratch the orc wizard. Your bite misses the orc wizard.
The orc wizard is lightly wounded.
The orc closely misses you. The kobold hits you but does no damage.
The orc barely misses you. The orc wizard closely misses you.
You scratch the orc wizard.
The orc wizard is moderately wounded.
The orc hits you with a +0 dagger.
An orc comes into view. It is wielding a +0 hand axe.
The kobold misses you. The orc misses you. The orc wizard casts a spell at you.
You are confused.
You're too confused to move!
The orc misses you. The kobold misses you. The orc misses you.
The orc wizard points at you and mumbles some strange words.
The puff of flame hits you!
Ouch! That really hurt!
You die...

#... ##... ...# ###
... ..############
###.# #.#...........
.
#...###.#.##########
....#.K..##.#.#
....o/o@.)$...#
..#.##oo..#..##
##...#..# #.###..#
.... ...# ###......#
#.###### ...


You could see an orc wizard (invisible), 3 orcs and a kobold.

Vanquished Creatures
  An adder (D:2)
  A dart slug (D:1)
  A leopard gecko (D:1)
  2 giant cockroaches (D:1)
  3 goblins
  4 hobgoblins
  4 bats (D:1)
  2 frilled lizards (D:1)
  4 kobolds
  3 rats (D:1)
25 creatures vanquished.

Vanquished Creatures (others)
  A plant (D:2)
1 creature vanquished.

Grand Total: 26 creatures vanquished

Notes
Turn   | Place    | Note
-------+----------+-------------------------------------------
     0 | D:1      | Descartes the Felid Monk began the quest for the Orb.
     0 | D:1      | Reached XP level 1. HP: 10/10 MP: 2/2
    68 | D:1      | Reached XP level 2. HP: 6/14 MP: 3/3
  1379 | D:2      | Reached XP level 3. HP: 17/17 MP: 4/4
  1400 | D:2      | Found a glowing silver altar of Zin.
  1413 | D:2      | Killed from afar by an orc wizard

Illustrated notes

Levels and vault maps discovered:
D:1:      lemuel_arrival_lava_pool, layout_basic
D:2:      layout_basic, nicolae_overflow_crystal_walls, serial_bayou_pond_c,
          minmay_tetromino_o2

Skill      XL: |  1  2 |
---------------+-------+-----
Stealth        | 3 4 |  4.2
Fighting       | |  3.0
Dodging        | |  4.5
Unarmed Combat | |  3.3

Action                   || total
-------------------------++-------
Melee: Unarmed           ||    69
       Bite              ||     4
 Stab: Sleeping          ||     5
Armor: Skin              ||     4
Dodge: Dodged            ||    66

Table legend: (Time is in decaauts)
 A = Elapsed time spent in this place.
 B = Non-inter-level travel time spent in this place.
 C = Inter-level travel time spent in this place.
 D = Time resting spent in this place.
 E = Time spent auto-exploring this place.
 F = Levels seen in this place.
 G = Mean time per level.
                   A        B        C        D        E       F      G
               +--------+--------+--------+--------+--------+-----+--------+
         Total |   1272 |   1234 |     38 |      0 |   1086 |   2 |  636.0 |
       Dungeon |   1272 |   1234 |     38 |      0 |   1086 |   2 |  636.0 |
               +--------+--------+--------+--------+--------+-----+--------+

Top non-repeatable levels by time:
     D:1: 955 daAuts
     D:2: 317 daAuts
